 Dungeon Crawl Stone Soup version 0.30.1-1-g62c8e00024 (webtiles) character file.

Game seed: 1826835884944691950

19794 DwarfAlpaca the Devastator (level 12, -1/59 HPs)
             Began as a Tengu Conjurer on July 14, 2023.
             Was a High Priest of Vehumet.
             Slain by a freezing wraith (7 damage)
             ... in an ice cave.
             The game lasted 01:18:47 (15917 turns).

DwarfAlpaca the Devastator (Tengu Conjurer)        Turns: 15917, Time: 01:18:48

Health: -1/59      AC:  7    Str:  7    XL:     12   Next: 72%
Magic:  25/28      EV: 14    Int: 24    God:    Vehumet [*****.]
Gold:   592        SH:  0    Dex: 13    Spells: 16/33 levels left

rFire   + . .        y - +8 dagger "Giur" {speed, +Blink rElec}
rCold   + + .        (no shield)
rNeg    . . .        I - +0 troll leather armour
rPois   +            (helmet restricted)
rElec   +            M - +0 cloak
rCorr   +            i - +1 pair of gloves
SInv    .            (boots unavailable)
Will    +....        (no amulet)
Stlth   +            v - ring of willpower
HPRegen 1.09/turn    x - ring of protection from cold
MPRegen 0.21/turn

%: no passive effects
@: silenced, resistant, flying quickly and evasively, hasted and slowed, quick
A: beak, talons 3, nimble flight
a: Renounce Religion, Evoke Blink


You were in an ice cave.
You worshipped Vehumet.
Vehumet was extremely pleased with you.
You visited 3 branches of the dungeon, and saw 13 of its levels.
You also visited: Ice Cave.

You collected 718 gold pieces.
You spent 126 gold pieces at shops.

Inventory:

Hand Weapons
 y - the +8 dagger "Giur" (weapon) {speed, +Blink rElec}
   (You found it on level 5 of the Dungeon)

   rElec:     It insulates you from electricity.
   +Blink:    It lets you blink.
Missiles
 a - 2 curare-tipped darts
 H - a throwing net (quivered)
Armour
 i - a +1 pair of gloves (worn)
 j - the +6 scale mail of the Thirteen Places {+Blink SInv}
   (You found it on level 2 of the Dungeon)

   SInv:      It lets you see invisible.
   +Blink:    It lets you blink.
 r - an orb of energy
 I - a +0 troll leather armour (worn)
 M - a +0 cloak (worn)
Magical Staves
 G - a staff of cold
Jewellery
 v - a ring of willpower (left hand)
 x - a ring of protection from cold (right hand)
 L - a +6 ring of intelligence
 N - a ring of positive energy
Wands
 h - a wand of roots (15)
 n - a wand of paralysis (5)
 z - a wand of polymorph (14)
 E - a wand of mindburst (17)
 K - a wand of flame (7)
Scrolls
 d - 9 scrolls of teleportation
 m - 4 scrolls of enchant weapon
 o - 2 scrolls of poison
 s - 2 scrolls of butterflies
 t - a scroll of fog
 w - a scroll of fear {unknown}
 A - a scroll of brand weapon
 C - a scroll of magic mapping
 F - 2 scrolls of enchant armour
 J - 3 scrolls of immolation
Potions
 b - 2 potions of magic
 c - 3 potions of might
 g - a potion of attraction {unknown}
 k - a potion of haste
 l - a potion of resistance
 p - 3 potions of curing
 q - a potion of invisibility {unknown}
 u - 2 potions of mutation
Miscellaneous
 f - a lightning rod (4/4)


   Skills:
 - Level 2.4 Dodging
 - Level 2.2 Stealth
 + Level 11.2 Spellcasting
 * Level 20.5 Conjurations
 - Level 3.0 Hexes
 - Level 5.0 Air Magic


You had 16 spell levels left.
You knew the following spells:

 Your Spells              Type           Power      Damage    Failure   Level
a - Magic Dart            Conj           100%       1d8       0%          1
b - Searing Ray           Conj           100%       2d8       0%          2
c - Fulminant Prism       Conj/Hex       31%        3d15      1%          4
d - Iskenderun's Mystic   Conj/Tloc      58%        2d12      1%          4
e - Conjure Ball Lightni  Conj/Air       32%        3x3d10    1%          6

Your spell library contained the following spells:

 Spells                   Type           Power      Damage    Failure   Level
 Plasma Beam              Fire/Air       12%        2x1d26    65%         6
 Dazzling Flash           Conj/Hex       100%       N/A       1%          3
 Sticky Flame             Conj/Fire      58%        2d7       1%          4
 Ensorcelled Hibernation  Hex/Ice        40%        N/A       6%          2
 Ignite Poison            Fire/Tmut/Pois 13%        N/A       6%          3
 Tukima's Dance           Hex            27%        N/A       6%          3
 Apportation              Tloc           26%        N/A       7%          1
 Necrotise                Necr           52%        1d6       7%          1
 Summon Small Mammal      Summ           52%        N/A       7%          1
 Ozocubu's Armour         Ice            13%        N/A       22%         3
 Spider Form              Tmut/Pois      13%        N/A       22%         3
 Yara's Violent Unravell  Hex/Tmut       10%        3d6       26%         5
 Anguish                  Hex/Necr       10%        N/A       36%         4
 Passage of Golubria      Tloc           13%        N/A       56%         4
 Ozocubu's Refrigeration  Ice            6%         4d8       100%        7
 Discord                  Hex            13%        N/A       100%        8
 Disjunction              Tloc           6%         N/A       100%        8
 Ignition                 Fire           6%         3d4       100%        8


Dungeon Overview and Level Annotations

Branches:
Dungeon (11/15)            Temple (1/1) D:5            Lair (1/5) D:9
    Orc (0/2) D:9           IceCv (1/1)

Altars:
Ashenzari
Cheibriados
Dithmenos
Elyvilon
Fedhas
Gozag
Hepliaklqana
Kikubaaqudgha
Makhleb
Nemelex Xobeh
Okawaru
Ru
Sif Muna
Trog
Uskayaw
Vehumet
Wu Jian
Xom
Yredelemnul
Zin
The Shining One

Shops:
D:6 *

Annotations:
D:3 1 runed translucent door, Crazy Yiuf IceCv 1 transporter, exclusion: 2 ice statues


Innate Abilities, Weirdness & Mutations

You have a beak for a mouth.
You have claws for feet.
Your magical nature lets you fly swiftly and evasively.


Message History

The ice statue gestures.
The ice statue gestures at you.
The freezing blast engulfs the freezing wraith.
The freezing wraith completely resists.
The ice statue gestures at you. The shard of ice hits you!!
You partially resist.
* * * LOW HITPOINT WARNING * * *
The ice statue gestures at you.
The freezing blast engulfs the freezing wraith.
The freezing wraith completely resists.
You feel much better.
You are engulfed in freezing vapours.
You resist. The freezing wraith hits you.
* * * LOW HITPOINT WARNING * * *
The freezing wraith freezes you. You resist.
* * * LOW HITPOINT WARNING * * *
The freezing wraith hits you!
* * * LOW HITPOINT WARNING * * *
The ice statue glitters chillingly in the dim dungeon light.
The ice statue gestures.
You feel much better.
You are engulfed in freezing vapours.
You resist. The ice beast hits you. The ice beast freezes you. You resist.
The freezing wraith hits you but does no damage.
The freezing wraith closely misses you.
The ice statue gestures.
Unknown command.
Okay, then.
Okay, then.
Press: ? - help, v - describe, . - travel
Here: an ice statue (freezing vapour)
The floor.
Okay, then.
As you read the scroll labelled MUOHAR QENEAZ, it crumbles to dust.
A profound silence engulfs you.
It was a scroll of silence.
You are engulfed in freezing vapours.
You resist.
* * * LOW HITPOINT WARNING * * *
The ice beast misses you. The ice beast barely misses you.
The freezing wraith hits you!
* * * LOW HITPOINT WARNING * * *
The freezing wraith freezes you! You resist.
You die...

###############
#∩..8./$)○8○Y©#
#....Y(°°Y○○..#
#8...○○.W@☼8#
#8....○Y°8##
##8..°°☼8##
###########
##...8©8...##
#.....©.!...#
##...........##
#.............#
#....8...8....#


You could see 2 ice statues, a freezing wraith and 4 ice beasts.

Vanquished Creatures
  A hydra (D:10)
  2 two-headed ogres
  The ghost of engelados the Destroyer, a journeyman OpCj of Vehumet (D:9)
  A skeletal warrior (D:10)
  Pikel (D:6)
  4 ugly things
  A deep elf pyromancer (D:10)
  A cyclops (D:11)
  An efreet (D:10)
  2 unseen horrors
  Psyche (D:11)
  A komodo dragon (Lair:1)
  11 trolls
  A hornet (D:8)
  2 wyverns
  A wraith (D:11)
  26 yaks
  2 shadows (D:10)
  A basilisk (Lair:1)
  A death yak simulacrum (IceCv)
  Eustachio (D:5)
  3 wargs (D:9)
  A harpy simulacrum (IceCv)
  An acid dragon (D:10)
  Duvessa (D:5)
  2 sky beasts
  5 orc warriors
  2 black bears (D:6)
  An ogre (D:6)
  5 centaurs
  2 phantoms
  4 lemures (D:6)
  Blork the orc (D:5)
  2 gnoll sergeants
  4 bullfrogs
  7 kobold brigands
  2 cane toad simulacra (IceCv)
  3 scorpions
  4 wights (D:7)
  Dowan (D:5)
  An elephant simulacrum (IceCv)
  5 killer bees (D:11)
  4 jellies
  8 howler monkeys
  11 orc priests
  5 hounds
  6 iguanas
  Terence (D:3)
  11 orc wizards
  A polar bear simulacrum (IceCv)
  12 gnolls
  3 adders
  A shadow imp (D:6)
  15 white imps
  An ufetubus (D:4)
  A worm (D:4)
  A dart slug (D:2)
  25 orcs
  6 endoplasms
  2 giant cockroaches
  7 hobgoblins
  19 kobolds
  5 quokkas
  5 ball pythons
  5 bats
  4 frilled lizards
  9 goblins
  6 rats
294 creatures vanquished.

Vanquished Creatures (collateral kills)
  A ball lightning (D:11)
1 creature vanquished.

Vanquished Creatures (others)
  41 ball lightnings
  158 fulminant prisms
199 creatures vanquished.

Grand Total: 494 creatures vanquished

Notes
Turn   | Place    | Note
-------+----------+-------------------------------------------
     0 | D:1      | DwarfAlpaca the Tengu Conjurer began the quest for the Orb.
     0 | D:1      | Reached XP level 1. HP: 10/10 MP: 4/4
   454 | D:1      | Reached XP level 2. HP: 15/15 MP: 4/6
   498 | D:1      | Learned a level 2 spell: Searing Ray
   902 | D:2      | Found an ornate altar of the Wu Jian Council.
  1196 | D:2      | Identified the +6 scale mail of the Thirteen Places {+Blink
                  | SInv}
  1203 | D:2      | Reached XP level 3. HP: 19/19 MP: 4/7
  1372 | D:2      | Reached skill level 6 in Conjurations
  2070 | D:3      | Found a basalt altar of Yredelemnul.
  2118 | D:3      | Noticed Terence
  2123 | D:3      | Killed Terence
  2124 | D:3      | Reached XP level 4. HP: 24/24 MP: 2/9
  2367 | D:3      | Found Zin's Purification Station.
  2370 | D:3      | Found a glowing silver altar of Zin.
  2374 | D:3      | Bought a potion of curing for 90 gold pieces
  2468 | D:3      | Learned a level 4 spell: Fulminant Prism
  2759 | D:3      | Found a runed translucent door.
  2760 | D:3      | Noticed Crazy Yiuf
  3056 | D:4      | Reached skill level 7 in Conjurations
  3213 | D:4      | Gained mutation: Your magical nature lets you fly swiftly
                  | and evasively. [Tengu growth]
  3213 | D:4      | Reached XP level 5. HP: 28/28 MP: 5/10
  3390 | D:5      | Entered Level 5 of the Dungeon
  3415 | D:5      | Noticed Blork the orc
  3510 | D:5      | Killed Blork the orc
  3511 | D:5      | Reached skill level 8 in Conjurations
  3511 | D:5      | Reached XP level 6. HP: 32/32 MP: 2/12
  4022 | D:5      | Reached skill level 9 in Conjurations
  4028 | D:5      | Reached XP level 7. HP: 36/36 MP: 2/14
  4210 | D:5      | Noticed Eustachio
  4230 | D:5      | Identified the +8 dagger "Giur" {speed, +Blink rElec}
  4353 | D:5      | Killed Eustachio
  4418 | D:5      | Reached skill level 10 in Conjurations
  4542 | D:5      | Noticed Duvessa
  4561 | D:5      | Killed Duvessa
  4574 | D:5      | Noticed Dowan
  4715 | D:5      | Killed Dowan
  4716 | D:5      | Reached XP level 8. HP: 29/41 MP: 7/16
  4805 | D:5      | Found a staircase to the Ecumenical Temple.
  4818 | Temple   | Entered the Ecumenical Temple
  4905 | Temple   | Became a worshipper of Vehumet
  5078 | D:6      | Noticed Pikel
  5181 | D:6      | Reached skill level 5 in Spellcasting
  5687 | D:6      | Killed Pikel
  5688 | D:6      | Reached skill level 12 in Conjurations
  6077 | D:6      | Reached XP level 9. HP: 35/45 MP: 11/19
  6256 | D:6      | Found a shimmering altar of Xom.
  6259 | D:6      | Found a bloodstained altar of Trog.
  6263 | D:6      | Reached skill level 13 in Conjurations
  6339 | D:6      | Found a blossoming altar of Fedhas.
  6414 | D:6      | Found an iron altar of Okawaru.
  6429 | D:6      | Found Yryesarr's General Store.
  6437 | D:6      | Bought a scroll of teleportation for 36 gold pieces
  7280 | D:7      | Reached * piety under Vehumet
  7280 | D:7      | Offered knowledge of Sandblast by Vehumet.
  7281 | D:7      | Reached skill level 14 in Conjurations
  7377 | D:7      | Learned a level 4 spell: Iskenderun's Mystic Blast
  8838 | D:8      | Noticed a hornet
  9071 | D:8      | Killed a hornet
  9072 | D:8      | Reached skill level 1 in Hexes
  9072 | D:8      | Reached XP level 10. HP: 50/50 MP: 12/22
  9080 | D:8      | Reached skill level 15 in Conjurations
  9304 | D:8      | Reached ** piety under Vehumet
  9318 | D:8      | Offered knowledge of Momentum Strike by Vehumet.
  9680 | D:9      | Found a staircase to the Orcish Mines.
  9784 | D:9      | Found a staircase to the Lair.
 10082 | D:9      | Offered knowledge of Ignite Poison by Vehumet.
 10749 | D:9      | Found a runed translucent door.
 10754 | D:9      | Noticed engelados's ghost (journeyman OpCj)
 10810 | D:9      | Killed engelados's ghost
 10930 | D:10     | Entered Level 10 of the Dungeon
 11237 | D:10     | Reached skill level 16 in Conjurations
 11443 | D:10     | Noticed a two-headed ogre
 11459 | D:10     | Killed a two-headed ogre
 11459 | D:10     | Reached *** piety under Vehumet
 11460 | D:10     | Reached XP level 11. HP: 54/54 MP: 12/25
 11683 | D:10     | Reached skill level 17 in Conjurations
 12126 | D:10     | Offered knowledge of Flame Wave by Vehumet.
 12419 | D:10     | Reached skill level 18 in Conjurations
 12531 | D:10     | Learned a level 6 spell: Conjure Ball Lightning
 12552 | D:10     | Found an iron altar of Okawaru.
 12642 | D:10     | Noticed a red ugly thing
 12796 | D:10     | Noticed a purple ugly thing
 12863 | D:10     | Killed a cyan ugly thing
 12864 | D:10     | Reached skill level 1 in Air Magic
 12874 | D:10     | Killed a cyan ugly thing
 12875 | D:10     | Reached skill level 10 in Spellcasting
 13160 | D:10     | Noticed a skeletal warrior
 13173 | D:10     | Noticed a deep elf pyromancer
 13186 | D:10     | Killed a deep elf pyromancer
 13214 | D:10     | Killed a skeletal warrior
 13357 | D:10     | Noticed a seven-headed hydra
 13560 | D:10     | Killed a seven-headed hydra
 13946 | D:11     | Reached skill level 5 in Air Magic
 13946 | D:11     | Reached XP level 12. HP: 59/59 MP: 17/27
 13959 | D:11     | Noticed a two-headed ogre
 14152 | D:11     | Reached **** piety under Vehumet
 14164 | D:11     | Reached skill level 19 in Conjurations
 14165 | D:11     | Killed a two-headed ogre
 14165 | D:11     | Offered knowledge of Arcjolt by Vehumet.
 14169 | D:11     | Noticed Psyche
 14196 | D:10     | Noticed a shadow dragon
 14314 | D:11     | Killed Psyche
 14378 | D:10     | Noticed a sphinx
 15049 | D:11     | Reached skill level 20 in Conjurations
 15658 | Lair:1   | Entered Level 1 of the Lair of Beasts
 15775 | Lair:1   | Found a frozen archway.
 15841 | IceCv    | Entered an ice cave
 15843 | IceCv    | Reached ***** piety under Vehumet
 15844 | IceCv    | Offered knowledge of Plasma Beam by Vehumet.
 15881 | IceCv    | Found a transporter.
 15899 | IceCv    | Found a transporter.
 15917 | IceCv    | Slain by a freezing wraith

Illustrated notes

Levels and vault maps discovered:
D:1:      doesnt_arrival_eight_statues, layout_basic, serial_rivers,
          chequers_serial_rivers_small_3, chequers_serial_rivers_room_a,
          chequers_serial_rivers_micro_b, chequers_serial_rivers_room_b,
          chequers_serial_rivers_small_a, chequers_serial_rivers_room_b
D:2:      layout_basic, basic_altar
D:3:      layout_loops_ring, mainiacjoe_overflow_surrounded_room, zin_purify,
          uniq_crazy_yiuf_cottage, uniq_terence
D:4:      layout_rooms, kennysheep_pointless_box, hangedman_decor_riveting
D:5:      layout_rooms, minmay_temple_entry_poolview, fountainhead,
          uniq_duvessa, uniq_eustachio, uniq_blork_the_orc
D:6:      layout_gridville, grunt_temple_overflow_cloverleaf, serial_shops,
          shop, uniq_pikel
D:7:      layout_loops_corners
D:8:      layout_basic, roderic_st_hans_cross
D:9:      layout_loops_corners, erik_lair_orcish_takeover, orc_0_dummy,
          ebering_ghost_reflecting_pool
D:10:     minmay_the_grid_octo_tiled_octocenter [minmay_the_grid_octo_empty,
          minmay_the_grid_octo_checkered, minmay_the_grid_octo_fat_diamond,
          minmay_the_grid_octo_clover_2,
          minmay_the_grid_octo_prize_single_spiral,
          minmay_the_grid_square_5x5_shrine1, minmay_the_grid_square_5x5_lines,
          minmay_the_grid_square_5x5_inner_i,
          minmay_the_grid_square_5x5_pentomino_r], layout_long_grid
D:11:     lemuel_troll_bridge, layout_loops_ring, uniq_psyche
Temple:   eino_temple_scatter_basement
Lair:1:   layout_small_grid, portal_ice_cave_entry_imps,
          ebering_ghost_reflecting_pool, serial_bayou_ford_a
IceCv:    ice_cave_statue_garden_transporter

Skill      XL: |  1  2  3  4  5  6  7  8  9 10 11 12 |
---------------+-------------------------------------+-----
Conjurations   | 6 7 8 9 10 12 14 16 18 20 | 20.5
Spellcasting   | 3 4 6 7 9 10 11 | 11.2
Hexes          | 1 3 |  3.0
Air Magic      | 5 |  5.0
Dodging        | |  2.4
Stealth        | |  2.2

Action                     |  1- 3 |  4- 6 |  7- 9 | 10-12 || total
---------------------------+-------+-------+-------+-------++-------
  Melee: Dagger            |       |       |    45 |    96 ||   141
         Peck              |       |       |     7 |    14 ||    21
         Kick              |       |       |    11 |    31 ||    42
         Punch             |       |       |     2 |     2 ||     4
   Cast: Magic Dart        |    40 |    30 |    36 |    27 ||   133
         Searing Ray       |    21 |    26 |    67 |    49 ||   163
         Fulminant Prism   |       |       |    41 |   117 ||   158
         Iskenderun's Myst |       |       |     2 |    12 ||    14
         Conjure Ball Ligh |       |       |       |    15 ||    15
    Use: Scroll            |       |       |     1 |    17 ||    18
         Potion            |       |       |       |     5 ||     5
 Armour: Robe              |     3 |       |    15 |     5 ||    23
         Troll leather arm |       |       |       |    21 ||    21
  Dodge: Dodged            |    12 |     9 |    52 |    70 ||   143
